 Dungeon Crawl Stone Soup version 0.17-a0-1301-ga863c44 (webtiles) character file.

12349 Fluffy the Basher (level 11, -17/68 HPs)
             Began as a Gargoyle Fighter on June 7, 2015.
             Was a High Priest of Okawaru.
             Killed by the air
             ... invoked by Gastronok
              (30 damage)
             ... on level 1 of the Lair of Beasts.
             The game lasted 00:32:14 (9795 turns).

Fluffy the Basher (Gargoyle Fighter)                Turns: 9795, Time: 00:32:14

Health: -17/68     AC: 35    Str: 20    XL:     11   Next: 92%
Magic:  14/16      EV:  9    Int:  9    God:    Okawaru [*****.]
Gold:   554        SH: 13    Dex: 16    Spells: 0 memorised, 10 levels left

rFire  + . .     SeeInvis .     u - +4 eveningstar of the Moth {holy, Dex+4}
rCold  + + .     Clarity  .     s - +0 plate armour
rNeg   + . .     SustAt   .     c - +0 shield
rPois  ∞         Gourm    .     b - +1 helmet
rElec  +         Spirit   .     n - +0 cloak
rCorr  .         Warding  .     I - +2 pair of gloves {rC+}
rMut   .         Stasis   .     y - +2 pair of boots {Fly}
MR     .....                    (no amulet)
Stlth  ..........               i - ring of protection from fire
                                f - ring of protection from cold

@: heroism, flying, not resistant to hostile enchantments, extremely unstealthy
A: negative energy resistance 1, electricity resistance, unbreathing,
petrification resistance, rot immunity, AC +7
a: Heroism, Finesse, Renounce Religion, Stop Flying


You were on level 1 of the Lair of Beasts.
You worshipped Okawaru.
Okawaru was extremely pleased with you.
You were near starving.

You visited 3 branches of the dungeon, and saw 12 of its levels.
You also visited: Ice Cave.

You collected 554 gold pieces.

Inventory:

Hand weapons
 u - the +4 eveningstar of the Moth (weapon) {holy, Dex+4}
   (You acquired it on level 5 of the Dungeon)

   It has been blessed by the Shining One to cause great damage to the undead
   and demons.
   It affects your dexterity (+4).
 M - the +6 shillelagh "Devastator" {shatter}
   (You found it in an ice cave)
Armour
 b - a +1 helmet (worn)
 c - a +0 shield (worn)
 n - a +0 cloak (worn)
 s - a +0 plate armour (worn)
 y - a +2 pair of boots of flying (worn)
 I - a +2 pair of gloves of cold resistance (worn)
 L - a +1 buckler of cold resistance
Jewellery
 f - a ring of protection from cold (left hand)
 i - a ring of protection from fire (right hand)
 K - an uncursed ring of fire
Magical devices
 q - a wand of draining (4)
 v - a wand of slowing (37)
 x - a wand of digging (6)
 D - a wand of magic darts (30)
 G - a wand of random effects (23)
Scrolls
 h - 3 scrolls of teleportation
 j - 4 scrolls of remove curse
 r - 2 scrolls of enchant weapon
 t - 2 scrolls of magic mapping
 B - 2 scrolls of blinking
 E - a scroll of enchant armour
 H - 2 scrolls of identify
Potions
 a - a potion of ambrosia
 d - 2 potions of might
 g - a potion of mutation
 k - 4 potions of haste
 o - a potion of invisibility
 p - a potion of curing
 z - a potion of magic
 A - 3 potions of cancellation
 J - 2 potions of flight {unknown}
Books
 F - a book of the Tempests

   Spells                             Type                      Level
   a - Static Discharge               Conjuration/Air              3
   b - Lightning Bolt                 Conjuration/Air              5
   c - Fireball                       Conjuration/Fire             5
   d - Tornado                        Air                          9
   e - Shatter                        Earth                        9
Comestibles
 e - 14 bread rations
 l - 4 fruits
 m - 3 beef jerkies
 w - 2 meat rations
 C - a royal jelly


   Skills:
 + Level 8.2(13.2) Fighting
 + Level 12.7(17.7) Maces & Flails
 + Level 8.6(13.6) Armour
 + Level 8.1(13.1) Shields
 + Level 7.0 Invocations


You had 10 spell levels left.
You didn't know any spells.

Dungeon Overview and Level Annotations

Branches:
Dungeon (10/15)            Temple (1/1) D:7            Lair (1/8) D:8
    Orc: D:9-12

Altars:
Ashenzari
Cheibriados
Dithmenos
Elyvilon
Fedhas
Gozag
Kikubaaqudgha
Makhleb
Nemelex Xobeh
Okawaru
Qazlal
Ru
Sif Muna
Trog
Vehumet
Xom
Yredelemnul
Zin
The Shining One

Shops:
D:5 :   D:10 ?:

Annotations:
Lair:1 Gastronok


Innate Abilities, Weirdness & Mutations

You are resistant to torment.
Your stone body is resilient (AC +7).
You are immune to poison.
You resist negative energy.
You are resistant to electric shocks.
You can survive without breathing.
You are immune to petrification.
You are immune to rotting.


Message History

You thump Gastronok!
Gastronok is moderately wounded.
The giant frog barely misses you. Gastronok bites you!
You bludgeon Gastronok!!
Gastronok is moderately wounded.
You block the giant frog's attack. x2
You sock Gastronok!
Gastronok is heavily wounded.
The giant frog completely misses you.
Gastronok waves his eye-stalks in wide circles.
The air twists around and violently strikes you in flight!
Ouch! That really hurt!
* * * LOW HITPOINT WARNING * * *
Use which ability? (? or * to list)
You gain the combat prowess of a mighty hero.
You feel slightly more hungry. The giant frog completely misses you.
You block the giant frog's attack.
Gastronok waves his eye-stalks in wide circles.
The air twists around and violently strikes you in flight!
You die...

...##
##........... ..
##.#....... ..
#........#
...##....##.. ##
..........# ..#
........†.####.(.#
..................
...#.#...F........
.........@.w......
..........#.......
.........##....#.
(...#..... P..?#
.......... #...#
.######... ..>..
#... $###. ###..


You could see Gastronok and a giant frog.

Vanquished Creatures
  An ice devil (IceCv)
  2 ice statues (IceCv)
  A hill giant (D:10)
  Joseph (D:9)
  A gargoyle (D:9)
  A troll (D:10)
  10 blue devils (IceCv)
  A two-headed ogre (D:10)
  5 blink frogs (Lair:1)
  A spriggan (D:7)
  2 wargs (D:8)
  3 water moccasins
  2 ice beasts
  A porcupine (Lair:1)
  A black bear (D:10)
  A necrophage (D:10)
  A wasp (D:7)
  2 sky beasts
  6 orc warriors
  6 ogres
  3 centaurs
  Blork the orc (D:4)
  2 big kobolds
  7 giant frogs
  A crocodile (Lair:1)
  A gnoll sergeant (D:7)
  A wyvern zombie (D:9)
  4 scorpions
  12 killer bees
  5 wights (D:7)
  2 crimson imps
  2 jellies (D:9)
  3 quasits
  7 orc priests
  A centaur zombie (D:6)
  3 centaur skeletons
  4 giant frog skeletons
  8 hounds
  7 iguanas
  7 orc wizards
  7 worker ants
  A killer bee zombie (D:5)
  A hound zombie (D:10)
  3 hound skeletons
  4 gnolls (D:7)
  7 adders
  A shadow imp (D:5)
  7 white imps (IceCv)
  6 ufetubi (IceCv)
  2 oozes
  An adder skeleton (D:7)
  3 adder zombies
  4 worms
  2 giant geckos
  36 orcs
  A ball python (D:1)
  3 bat skeletons
  2 bat zombies (D:6)
  3 giant cockroaches
  6 goblins
  16 hobgoblins
  2 jackals (D:3)
  2 quokkas
  11 bats
  2 giant cockroach zombies
  A giant gecko skeleton (D:8)
  A giant gecko zombie (D:6)
  5 giant newts
  28 kobolds
  2 quokka skeletons
  14 rats
314 creatures vanquished.

Vanquished Creatures (others)
  A giant frog (D:7)
  An orc wizard (D:7)
  An adder (D:7)
  4 white imps (IceCv)
  A hobgoblin (D:7)
  A giant newt (D:7)
9 creatures vanquished.

Grand Total: 323 creatures vanquished

Notes
Turn   | Place    | Note
--------------------------------------------------------------
     0 | D:1      | Fluffy the Gargoyle Fighter began the quest for the Orb.
     0 | D:1      | Reached XP level 1. HP: 14/14 MP: 1/1
   203 | D:1      | Reached XP level 2. HP: 17/19 MP: 2/2
   812 | D:2      | Reached XP level 3. HP: 23/23 MP: 3/3
   893 | D:2      | Reached skill level 4 in Maces & Flails
  1498 | D:2      | Reached XP level 4. HP: 26/28 MP: 4/4
  1567 | D:2      | Got an ichor-stained robe
  1578 | D:2      | Identified the +4 robe of the Hidden Vale {MP-9 Int+10 Dex-5} (You found it on level 2 of the Dungeon)
  2270 | D:4      | Reached skill level 5 in Maces & Flails
  2270 | D:4      | Reached XP level 5. HP: 32/32 MP: 5/5
  2303 | D:4      | Reached skill level 6 in Maces & Flails
  2578 | D:4      | Reached XP level 6. HP: 37/37 MP: 6/6
  2796 | D:4      | Noticed Blork the orc
  2807 | D:4      | Killed Blork the orc
  2807 | D:4      | Reached skill level 7 in Maces & Flails
  2898 | D:5      | Entered Level 5 of the Dungeon
  2899 | D:5      | Reached XP level 7. HP: 41/41 MP: 7/7
  3000 | D:5      | Identified a scroll of acquirement
  3001 | D:5      | Got an ichor-stained eveningstar
  3002 | D:5      | Identified the +4 eveningstar of the Moth {holy, Dex+4} (You acquired it on level 5 of the Dungeon)
  3023 | D:5      | Found Vejesim's Book Emporium.
  3053 | D:5      | Reached skill level 8 in Maces & Flails
  3136 | D:5      | Found a shadowy altar of Dithmenos.
  3501 | D:5      | Reached skill level 9 in Maces & Flails
  3533 | D:6      | Reached XP level 8. HP: 46/46 MP: 8/8
  3738 | D:6      | Found a radiant altar of Vehumet.
  3997 | D:6      | Reached skill level 10 in Maces & Flails
  4379 | D:7      | Found a shimmering altar of Xom.
  4435 | D:7      | Reached skill level 11 in Maces & Flails
  4435 | D:7      | Reached XP level 9. HP: 44/51 MP: 9/9
  5029 | D:7      | Found a staircase to the Ecumenical Temple.
  5037 | Temple   | Entered the Ecumenical Temple
  5044 | Temple   | Became a worshipper of Warmaster Okawaru
  5151 | D:7      | Reached skill level 1 in Invocations
  5264 | D:7      | Acquired Okawaru's first power
  5334 | D:7      | Reached skill level 5 in Armour
  5383 | D:7      | Reached skill level 5 in Shields
  5727 | D:8      | Reached skill level 5 in Fighting
  5827 | D:8      | Reached XP level 10. HP: 42/59 MP: 10/12
  6269 | D:8      | Found a staircase to the Lair.
  6564 | D:9      | Noticed Joseph
  6576 | D:9      | Killed Joseph
  6956 | D:9      | Reached skill level 12 in Maces & Flails
  7477 | D:10     | Entered Level 10 of the Dungeon
  7557 | D:10     | Reached skill level 5 in Invocations
  7614 | D:10     | Found Ahozxiddy's Magic Scroll Boutique.
  7661 | D:10     | Found Iryduwann's Book Shoppe.
  7695 | D:10     | Noticed a hill giant
  7702 | D:10     | Killed a hill giant
  7712 | D:10     | Reached XP level 11. HP: 61/66 MP: 14/14
  8355 | Lair:1   | Entered Level 1 of the Lair of Beasts
  8355 | Lair:1   | Found a frozen archway.
  8621 | IceCv    | Entered an ice cave
  8720 | IceCv    | Noticed an ice statue
  8720 | IceCv    | Noticed an ice statue
  8746 | IceCv    | Killed an ice statue
  8983 | IceCv    | Killed an ice statue
  9425 | IceCv    | Acquired Okawaru's second power
  9621 | IceCv    | Noticed an ice devil
  9626 | IceCv    | Killed an ice devil
  9775 | Lair:1   | Noticed Gastronok
  9795 | Lair:1   | Killed from afar by Gastronok

Vault maps used:
D:1:      saegor_arrival_simple_a, minmay_stone_trees_medium, minivault_24,
          hangedman_decor_push, minivault_19
D:2:      first_bread, kennysheep_small_spiral, minmay_misc_feat_square
D:4:      uniq_blork_the_orc
D:5:      serial_shops, kennysheep_mini_moat, grunt_dithmenos_shadows
D:6:      overflow_temple_1_default
D:7:      temple_fountains, the_bakery, xom_confusion_cloud
D:8:      erik_lair_orcish_takeover, roderic_serpentine_path
D:9:      uniq_joseph
D:10:     serial_shops, shop, nicolae_shop_trees
Temple:   nicolae_temple_no_exploring_needed
Lair:1:   portal_ice_cave_entry_pillars_03, uniq_gastronok
IceCv:    ice_cave_small_demon

Action                   |  1- 3 |  4- 6 |  7- 9 | 10-12 || total
-------------------------+-------+-------+-------+-------++-------
Melee: Flail             |   103 |   188 |    23 |       ||   314
       Eveningstar       |       |       |   317 |   512 ||   829
Invok: Heroism           |       |       |       |     4 ||     4
  Use: Scroll            |       |    12 |     5 |     3 ||    20
       Potion            |       |       |       |     4 ||     4
  Eat: Chunk             |     2 |     5 |     9 |     9 ||    25
       Fruit             |       |       |     1 |     3 ||     4
